 Dungeon Crawl Stone Soup version 0.27.1-3-gb3d3a73c9e (webtiles) character file.

Game seed: 16477456955465550785

47221 Elvor the Thaumaturge (level 14, -2/87 HPs)
             Began as a Deep Elf Conjurer on Oct 15, 2021.
             Was a High Priest of Vehumet.
             Engulfed by an ice statue's freezing vapour (18 damage)
             ... in an ice cave.
             The game lasted 03:05:21 (16700 turns).

Elvor the Thaumaturge (Deep Elf Conjurer)          Turns: 16700, Time: 03:05:21

Health: -2/87      AC: 16    Str:  5    XL:     14   Next: 7%
Magic:  14/34      EV: 11    Int: 43    God:    Vehumet [*****.]
Gold:   987        SH:  5    Dex: 13    Spells: 10/42 levels left

rFire    + . .     SeeInvis .   x - +10 spear "Rueneak" {vorpal, rN+++ Int+2}
rCold    . . .     Faith    .   (no shield)
rNeg     + + +     Spirit   .   h - +8 ring mail of Dishonesty {+Blink rF+ Int+7}
rPois    .         Reflect  +   (no helmet)
rElec    .         Harm     .   o - +0 cloak
rCorr    +         Rampage  .   t - +0 pair of gloves
Will     +....                  (no boots)
Stlth    ++........             a - amulet of reflection
HPRegen  0.24/turn              D - +6 ring of intelligence
MPRegen  0.24/turn              f - ring of resist corrosion

@: no status effects
A: no potion heal 1
a: Renounce Religion, Evoke Blink


You were in an ice cave.
You worshipped Vehumet.
Vehumet was extremely pleased with you.
You visited 3 branches of the dungeon, and saw 18 of its levels.
You also visited: Ossuary and Ice Cave.

You collected 987 gold pieces.

Inventory:

Hand Weapons
 x - the +10 spear "Rueneak" (weapon) {vorpal, rN+++ Int+2}
   (You found it on level 4 of the Dungeon)

   It inflicts extra damage upon your enemies.
   Int:       It affects your intelligence (+2).
   rN:        It renders you almost immune to negative energy.
Missiles
 b - 2 curare-tipped darts
 p - 99 poisoned darts
 w - 6 javelins
 z - 119 stones
 K - 7 atropa-tipped darts
 O - 14 sling bullets
Armour
 h - the +8 ring mail of Dishonesty (worn) {+Blink rF+ Int+7}
   (You found it on level 11 of the Dungeon)

   Int:       It affects your intelligence (+7).
   rF:        It protects you from fire.
   +Blink:    It lets you blink.
 o - a +0 cloak (worn)
 t - a +0 pair of gloves (worn)
Jewellery
 a - an amulet of reflection (around neck)
 f - a ring of resist corrosion (right hand)
 D - a +6 ring of intelligence (left hand)
 M - a +6 ring of dexterity
Wands
 d - a wand of paralysis (5)
 m - a wand of mindburst (9)
 v - a wand of charming (12)
 y - a wand of digging (1)
 E - a wand of flame (17)
 S - a wand of iceblast (8)
Scrolls
 g - 2 scrolls of fog {unknown}
 l - a scroll of silence {unknown}
 n - 3 scrolls of magic mapping
 r - 9 scrolls of teleportation
 u - 2 scrolls of enchant armour {unknown}
 A - a scroll of identify
 F - a scroll of brand weapon {unknown}
 G - 2 scrolls of fear
 I - 2 scrolls of amnesia
 J - 3 scrolls of noise {unknown}
 L - a scroll of acquirement {unknown}
 N - a scroll of vulnerability {unknown}
 P - a scroll of summoning {unknown}
Potions
 c - a potion of berserk rage {unknown}
 e - 7 potions of ambrosia
 i - 2 potions of curing
 j - 3 potions of haste
 k - 2 potions of heal wounds
 s - 3 potions of magic {unknown}
 B - 2 potions of cancellation {unknown}
 C - 6 potions of flight
 H - 3 potions of brilliance
 R - 2 potions of might {unknown}
Miscellaneous
 q - a lightning rod (2/4)


   Skills:
 * Level 9.8 Fighting
 + Level 4.0 Polearms
 + Level 4.9 Throwing
 + Level 4.1 Armour
 + Level 7.4 Dodging
 + Level 6.2 Stealth
 + Level 3.5 Shields
 + Level 14.7 Spellcasting
 + Level 12.5 Conjurations
 + Level 1.8 Necromancy
 + Level 1.3 Translocations
 + Level 2.3 Fire Magic
 + Level 5.7 Air Magic
 + Level 6.1 Evocations


You had 10 spell levels left.
You knew the following spells:

 Your Spells              Type           Power      Damage    Failure   Level
a - Magic Dart            Conj           100%       1d8       0%          1
b - Searing Ray           Conj           100%       3d7       1%          2
c - Teleport Other        Tloc           43%        N/A       6%          3
d - Vampiric Draining     Necr           23%        2d9       5%          3
e - Freeze                Ice            100%       1d11      1%          1
f - Lightning Bolt        Conj/Air       42%        1d61      1%          5
g - Iskenderun's Mystic   Conj/Tloc      75%        2d15      1%          4
h - Fireball              Conj/Fire      38%        3d16      1%          5
i - Swiftness             Air            69%        N/A       1%          3
j - Airstrike             Air            34%        N/A       1%          4
k - Apportation           Tloc           86%        N/A       2%          1

Your spell library contained the following spells:

 Spells                   Type           Power      Damage    Failure   Level
 Hailstorm                Conj/Ice       72%        3d15      1%          4
 Animate Skeleton         Necr           94%        N/A       1%          1
 Pain                     Necr           100%       1d9       1%          1
 Shock                    Conj/Air       100%       1d9       1%          1
 Corpse Rot               Necr/Air       N/A        N/A       1%          2
 Conjure Flame            Conj/Fire      77%        6-21      1%          3
 Dazzling Flash           Conj/Hex       100%       N/A       1%          3
 Fulminant Prism          Conj/Hex       36%        3d18      1%          4
 Sticky Flame             Conj/Fire      77%        2d9       1%          4
 Sublimation of Blood     Necr           23%        N/A       2%          2
 Ignite Poison            Fire/Tmut/Pois 38%        N/A       2%          3
 Ensorcelled Hibernation  Hex/Ice        62%        N/A       5%          2
 Gell's Gravitas          Tloc           21%        N/A       6%          3
 Lesser Beckoning         Tloc           21%        N/A       6%          3
 Starburst                Conj/Fire      38%        6d11      7%          6
 Spider Form              Tmut/Pois      15%        N/A       11%         3
 Summon Ice Beast         Ice/Summ       31%        N/A       36%         4
 Excruciating Wounds      Necr           23%        N/A       43%         5
 Spellforged Servitor     Conj/Summ      36%        N/A       50%         7
 Summon Mana Viper        Hex/Summ       31%        N/A       71%         5
 Death Channel            Necr           23%        N/A       95%         6
 Shadow Creatures         Summ           N/A        N/A       99%         6
 Malign Gateway           Summ/Tloc      18%        N/A       100%        7
 Monstrous Menagerie      Summ           15%        N/A       100%        7
 Ignition                 Fire           25%        3d9       100%        8


Dungeon Overview and Level Annotations

Branches:
Dungeon (12/15)            Temple (1/1) D:4            Lair (5/6) D:9
  Swamp (0/4) Lair:4       Spider (0/4) Lair:2          Orc (0/2) D:9
Ossuary (visited)           IceCv (1/1)
  Slime: Lair:5-6

Altars:
Ashenzari
Cheibriados
Dithmenos
Elyvilon
Fedhas
Gozag
Hepliaklqana
Kikubaaqudgha
Makhleb
Nemelex Xobeh
Okawaru
Qazlal
Ru
Sif Muna
Trog
Uskayaw
Vehumet
Wu Jian
Xom
Yredelemnul
Zin
The Shining One

Shops:
D:1 [   D:3 [

Portals:
Abyss: D:7

Annotations:
IceCv exclusion: 2 ice statues


Innate Abilities, Weirdness & Mutations

Potions are less effective at restoring your health.


Message History

Vehumet accepts your kill.
You feel your power returning. 2 ice statues come into view.
The ice statue gestures at you. The freezing blast misses you.
The ice statue gestures.
Marking area around 2 ice statues as unsafe for travelling.
Aiming: Lightning Bolt (dangerous; 1% risk of failure)
Press: ? - help, Q - select action, (/) - cycle Shift-Dir - straight line You hear a mighty clap of thunder!
The bolt of lightning hits the ice statue.
The ice statue resists.
The ice statue is lightly damaged.
The bolt of lightning hits the ice statue!
The ice statue resists.
The ice statue is moderately damaged.
You are engulfed in freezing vapours.
You hear an angry hiss.
The ice statue gestures.
Aiming: Lightning Bolt (dangerous; 1% risk of failure)
Press: ? - help, Q - select action, (/) - cycle Shift-Dir - straight line You hear a mighty clap of thunder!
The bolt of lightning hits the ice beast!
The ice beast is heavily wounded.
The bolt of lightning hits the ice statue!!
The ice statue resists.
The ice statue is heavily damaged.
The bolt of lightning hits the ice statue!!
The ice statue resists.
The ice statue is almost destroyed.
You are engulfed in freezing vapours.
The ice statue gestures at you.
The bolt of cold misses the ice beast.
The bolt of cold hits you. The ice statue gestures at you.
The bolt of cold hits you!!!
* * * LOW HITPOINT WARNING * * *
Okay, then.
Your system partially rejects the healing.
You feel much better.
You are engulfed in freezing vapours.
You die...

#..## #....## ##......#
#### #........ ##..##
#### 8........
#....#####..####Y.......
.......##....##○○☼☼.....
.∩.∩.......#...○@☼......
..........###..○☼.......
#....##..## ###.........
##..###### ##........
#### 8.Y.....# #.......#
##.....## .....#


You could see 2 ice statues and 2 ice beasts.

Vanquished Creatures
  A boulder beetle (D:12)
  7 hydras
  A catoblepas (Lair:2)
  3 two-headed ogres
  5 death yaks
  3 skeletal warriors (D:12)
  The ghost of brob1 the Ducker, a novice DjFE (D:7)
  A bog body (Lair:4)
  A lindwurm (Lair:5)
  A deep elf pyromancer (D:12)
  A wolf spider (Lair:2)
  A cyclops (D:11)
  Maurice (D:8)
  2 black mambas
  3 cane toads
  An unseen horror (D:9)
  A toenail golem (D:7)
  2 gargoyles
  A kobold demonologist (D:9)
  2 ice devils (Lair:5)
  4 rime drakes
  10 komodo dragons
  A queen bee (Lair:4)
  3 meliai (Lair:4)
  2 polar bears
  A hornet (D:10)
  3 trolls
  Grinder (D:3)
  12 blink frogs
  10 slime creatures
  A wyvern (Lair:1)
  29 yaks
  4 wraiths
  3 steam dragons
  5 basilisks
  Menkaure (D:5)
  A vampire mosquito (D:6)
  An acid dragon (D:12)
  Duvessa (D:5)
  12 water moccasins
  3 orc warriors
  3 sky beasts
  A hornet zombie (D:9)
  2 black bears (Lair:4)
  2 ice beasts
  2 necrophages
  2 ogres
  2 centaurs
  25 wolves
  A small abomination (D:7)
  14 kobold brigands
  15 bullfrogs
  An elf zombie (Ossuary)
  11 scorpions
  Dowan (D:5)
  27 killer bees
  2 water moccasin skeletons
  17 wights
  A lindwurm simulacrum (IceCv)
  2 electric eels
  9 howler monkeys
  A bullfrog zombie (D:5)
  2 human zombies (Ossuary)
  A komodo dragon simulacrum (IceCv)
  5 orc priests
  6 centaur zombies
  2 hounds
  A bullfrog skeleton (D:6)
  Crazy Yiuf (D:2)
  Jessica (D:3)
  12 orc wizards
  2 mummies (Ossuary)
  2 howler monkey zombies
  A hound skeleton (D:4)
  3 gnolls (D:11)
  A howler monkey skeleton (D:6)
  5 adders
  2 acid dragon simulacra (IceCv)
  An ufetubus (D:7)
  2 steam dragon simulacra (IceCv)
  An adder zombie (Ossuary)
  3 worms (D:3)
  4 dart slugs
  24 orcs
  7 ball pythons
  7 endoplasms
  10 giant cockroaches
  A goblin (D:4)
  6 hobgoblins
  2 quokkas
  5 bats
  5 frilled lizards
  A goblin zombie (Ossuary)
  7 hobgoblin zombies (Ossuary)
  17 kobolds
  12 kobold zombies (Ossuary)
  9 orc zombies (Ossuary)
  5 rats
  A rat zombie (Ossuary)
465 creatures vanquished.

Vanquished Creatures (others)
  34 fungi
  44 plants
78 creatures vanquished.

Grand Total: 543 creatures vanquished

Notes
Turn   | Place    | Note
-------+----------+-------------------------------------------
     0 | D:1      | Elvor the Deep Elf Conjurer began the quest for the Orb.
     0 | D:1      | Reached XP level 1. HP: 10/10 MP: 6/6
   174 | D:1      | Found Jif Oluff's Armour Shoppe.
   360 | D:1      | Reached XP level 2. HP: 16/16 MP: 1/8
   363 | D:1      | Learned a level 2 spell: Searing Ray
   965 | D:2      | Reached skill level 5 in Conjurations
  1038 | D:2      | Reached XP level 3. HP: 20/20 MP: 4/9
  1096 | D:2      | Reached skill level 1 in Fighting
  1238 | D:2      | Found a runed translucent door.
  1239 | D:2      | Noticed Crazy Yiuf
  1246 | D:2      | Killed Crazy Yiuf
  1247 | D:2      | Reached XP level 4. HP: 25/25 MP: 4/11
  1380 | D:3      | Found Kimak's Armour Shop.
  1704 | D:3      | Noticed Jessica
  1708 | D:3      | Killed Jessica
  1715 | D:3      | Noticed Grinder
  1716 | D:3      | Paralysed by Grinder for 4 turns
  1729 | D:3      | Killed Grinder
  1730 | D:3      | Reached skill level 4 in Spellcasting
  1730 | D:3      | Reached XP level 5. HP: 30/30 MP: 7/14
  1730 | D:3      | Reached XP level 6. HP: 35/35 MP: 7/15
  1812 | D:3      | Noticed a sky beast
  1818 | D:3      | Killed a sky beast
  1819 | D:3      | Reached skill level 5 in Spellcasting
  1975 | D:4      | Got the Collected Works on Evil Arts
  2069 | D:4      | Reached XP level 7. HP: 40/40 MP: 12/16
  2172 | D:4      | Identified the +10 spear "Rueneak" {vorpal, rN+++ Int+2}
  2203 | D:4      | Found a sand-covered staircase.
  2209 | Ossuary  | Entered an ossuary
  2331 | Ossuary  | Reached skill level 1 in Evocations
  2400 | Ossuary  | Reached skill level 1 in Polearms
  2591 | D:4      | Found a staircase to the Ecumenical Temple.
  2605 | D:4      | Learned a level 3 spell: Teleport Other
  2613 | Temple   | Entered the Ecumenical Temple
  2725 | Temple   | Became a worshipper of Vehumet
  2878 | D:4      | Learned a level 3 spell: Vampiric Draining
  2915 | D:5      | Entered Level 5 of the Dungeon
  2938 | D:5      | Noticed Dowan
  2941 | D:5      | Noticed Duvessa
  2942 | D:5      | Killed Dowan
  2946 | D:5      | Killed Duvessa
  2947 | D:5      | Reached skill level 6 in Spellcasting
  3044 | D:5      | Reached XP level 8. HP: 46/46 MP: 13/19
  3065 | D:5      | Noticed Menkaure
  3071 | D:5      | Killed Menkaure
  3242 | D:5      | Found an opulent altar of Gozag.
  3296 | D:5      | Reached skill level 1 in Throwing
  3448 | D:6      | Reached skill level 7 in Spellcasting
  3501 | D:6      | Reached skill level 1 in Shields
  3546 | D:6      | Found a runed translucent door.
  3550 | D:6      | Found a runed translucent door.
  3617 | D:6      | Reached * piety under Vehumet
  3617 | D:6      | Offered knowledge of Freeze by Vehumet.
  3620 | D:6      | Learned a level 1 spell: Freeze
  3671 | D:6      | Reached XP level 9. HP: 52/52 MP: 9/21
  4233 | D:6      | Reached skill level 8 in Spellcasting
  4361 | D:7      | Noticed a toenail golem
  4384 | D:7      | Found a transporter.
  4388 | D:7      | Found a one-way gate to the infinite horrors of the Abyss.
  4388 | D:7      | Noticed brob1's ghost (novice DjFE)
  4393 | D:7      | Found a transporter.
  4496 | D:7      | Reached skill level 5 in Fighting
  4512 | D:7      | Reached ** piety under Vehumet
  4512 | D:7      | Offered knowledge of Foxfire by Vehumet.
  4525 | D:7      | Identified the +2 leather armour of the Gastropod {rF++}
  4814 | D:7      | Killed brob1's ghost
  4815 | D:7      | Reached skill level 5 in Stealth
  4815 | D:7      | Reached skill level 9 in Spellcasting
  4815 | D:7      | Reached XP level 10. HP: 29/59 MP: 9/25
  4987 | D:7      | Killed a toenail golem
  5105 | D:8      | Reached skill level 5 in Dodging
  5129 | D:8      | Found a broken altar of Ashenzari.
  5146 | D:8      | Found an iron altar of Okawaru.
  5212 | D:8      | Found a snail-covered altar of Cheibriados.
  5319 | D:8      | Noticed Maurice
  5323 | D:8      | Killed Maurice
  5448 | D:8      | Offered knowledge of Poisonous Vapours by Vehumet.
  5550 | D:8      | Found a stormy altar of Qazlal.
  5552 | D:8      | Found a shimmering altar of Xom.
  5552 | D:8      | Found a sacrificial altar of Ru.
  5554 | D:8      | Found a white marble altar of Elyvilon.
  5554 | D:8      | Found a stormy altar of Qazlal.
  5554 | D:8      | Found an iron altar of Okawaru.
  5867 | D:9      | Found a staircase to the Lair.
  5900 | D:9      | Reached skill level 10 in Spellcasting
  5933 | D:9      | Found a staircase to the Orcish Mines.
  5965 | D:9      | Reached *** piety under Vehumet
  6233 | D:9      | HP: 2/60 [kobold brigand (9)]
  6235 | D:9      | Gained mutation: Potions are less effective at restoring
                  | your health. [potion of mutation]
  6842 | D:9      | Offered knowledge of Inner Flame by Vehumet.
  6843 | D:9      | Reached skill level 10 in Conjurations
  6902 | D:9      | Reached XP level 11. HP: 25/66 MP: 22/27
  6992 | D:9      | Reached skill level 1 in Necromancy
  7313 | D:9      | Reached **** piety under Vehumet
  7323 | D:9      | Offered knowledge of Lightning Bolt by Vehumet.
  7618 | D:9      | Reached skill level 11 in Spellcasting
  7695 | D:9      | Learned a level 5 spell: Lightning Bolt
  7700 | D:9      | Learned a level 4 spell: Iskenderun's Mystic Blast
  7706 | D:9      | Learned a level 5 spell: Fireball
  7718 | D:9      | Learned a level 3 spell: Swiftness
  7723 | D:9      | Learned a level 4 spell: Airstrike
  7936 | D:10     | Entered Level 10 of the Dungeon
  7963 | D:10     | Noticed a two-headed ogre
  7973 | D:10     | Killed a two-headed ogre
  7993 | D:10     | Noticed a two-headed ogre
  8287 | D:10     | Killed a two-headed ogre
  8288 | D:10     | Reached skill level 1 in Air Magic
  8482 | D:10     | Found a stormy altar of Qazlal.
  8742 | D:11     | Noticed an eight-headed hydra
  9310 | D:11     | Reached skill level 12 in Spellcasting
  9330 | D:11     | Identified the +8 ring mail of Dishonesty {+Blink rF+
                  | Int+7}
  9629 | D:11     | Identified the +10 mace "Grum" {protect, rC- rN+ rCorr
                  | Str+3}
  9661 | D:11     | Got the Handbook of Summoning and the Compass
  9664 | D:11     | Learned a level 1 spell: Apportation
  9792 | D:11     | Killed an eight-headed hydra
  9793 | D:11     | Reached skill level 1 in Translocations
  9815 | D:11     | Found an iron altar of Okawaru.
 10037 | D:12     | Noticed a two-headed ogre
 10286 | D:12     | Noticed a boulder beetle
 10291 | D:12     | Killed a boulder beetle
 10292 | D:12     | Reached XP level 12. HP: 72/72 MP: 30/30
 10323 | D:12     | Killed a two-headed ogre
 10324 | D:12     | Reached skill level 1 in Armour
 10324 | D:12     | Reached skill level 5 in Evocations
 10612 | D:12     | Reached skill level 1 in Fire Magic
 11634 | Lair:1   | Entered Level 1 of the Lair of Beasts
 11677 | Lair:1   | Noticed a seven-headed hydra
 11780 | Lair:1   | Reached skill level 13 in Spellcasting
 11782 | Lair:1   | Reached ***** piety under Vehumet
 11782 | Lair:1   | Offered knowledge of Ozocubu's Refrigeration by Vehumet.
 12057 | Lair:1   | Killed a seven-headed hydra
 12392 | Lair:1   | Found a shimmering altar of Xom.
 12680 | Lair:2   | Found a hole to the Spider Nest.
 13055 | Lair:2   | Reached XP level 13. HP: 80/80 MP: 32/32
 13998 | Lair:3   | Reached skill level 5 in Air Magic
 14016 | Lair:3   | Reached skill level 14 in Spellcasting
 15009 | Lair:4   | Found a staircase to the Swamp.
 15465 | Lair:4   | Offered knowledge of Hailstorm by Vehumet.
 16339 | Lair:4   | Reached XP level 14. HP: 63/87 MP: 17/34
 16532 | Lair:5   | Found a frozen archway.
 16545 | IceCv    | Entered an ice cave
 16700 | IceCv    | Engulfed by an ice statue's freezing vapour

Illustrated notes

Levels and vault maps discovered:
D:1:      lightli_arrival_isolated_outpost, layout_basic, serial_shops,
          nicolae_shop_statue_plus, serial_forest,
          infiniplex_forest_lined_room_2, infiniplex_forest_side_room,
          infiniplex_forest_clump_small, infiniplex_forest_lined_room_2,
          infiniplex_forest_lined_3_way, infiniplex_forest_clump_curved,
          infiniplex_forest_lined_room_2
D:2:      layout_basic, uniq_crazy_yiuf_cottage
D:3:      layout_loops_ring, serial_shops, nicolae_shop_waterfront,
          guppyfry_early_lair_pool, uniq_grinder, uniq_jessica
D:4:      layout_cave_pools, minmay_temple_entry_offerings, enter_ossuary_2
D:5:      layout_rooms, kennysheep_mini_moat, uniq_menkaure, uniq_duvessa
D:6:      lemuel_insect_pit, layout_basic, nicolae_sextant
D:7:      layout_rooms, gammafunk_ghost_abyssal_escape
D:8:      layout_rooms, mainiacjoe_overflow_swirl, doesnt_xom_only_xom,
          cheibriados_altar_1, uniq_maurice
D:9:      layout_roguey [special_room_kobold], lair_entry_dummy, orc_0_dummy,
          grunt_ministairs_7
D:10:     layout_cross, nicolae_qazlal_general_emergency
D:11:     layout_irregular_city, minmay_misc_feat_roman,
          okawaru_altar_gauntlet_db
D:12:     layout_stronghold, serial_glass, glass_columns_a, glass_columns_a,
          glass_columns_a, glass_columns_a
Temple:   nicolae_temple_elliptical
Lair:1:   layout_loops_ring, basic_altar
Lair:2:   layout_loops_ring, spider_nest_entry_rubble, serial_bayou_pond_d,
          grunt_megastairs_3, serial_bayou_shore_b, infiniplex_staircase_pool,
          serial_bayou_shore_b
Lair:3:   layout_chaotic_city, grunt_megastairs_1, infiniplex_staircase_pool_2
Lair:4:   layout_gridlike, skrybe_swamp_entry_bodies, special_room
          [special_room_bee], gammafunk_lair_bear_cave
Lair:5:   lemuel_slime, layout_concentric_octagons, basic_altar,
          portal_ice_cave_demonic_guard, enter_volcano_3
IceCv:    ice_cave_small_dragons

Skill      XL: |  1  2  3  4  5  6  7  8  9 10 11 12 13 |
---------------+----------------------------------------+-----
Conjurations   | 5 6 7 9 10 11 12 | 12.5
Fighting       | 1 2 3 4 5 6 7 8 9 |  9.8
Stealth        | 3 4 5 6 |  6.2
Spellcasting   | 4 5 6 7 9 10 12 13 14 | 14.7
Dodging        | 3 4 5 6 7 |  7.4
Evocations     | 1 2 4 5 6 |  6.1
Polearms       | 1 3 4 |  4.0
Throwing       | 1 3 4 |  4.9
Shields        | 1 2 3 |  3.5
Necromancy     | 1 |  1.8
Air Magic      | 3 4 5 |  5.7
Translocations | 1 |  1.3
Armour         | 1 4 |  4.1
Fire Magic     | 2 |  2.3

Action                   |  1- 3 |  4- 6 |  7- 9 | 10-12 | 13-15 || total
-------------------------+-------+-------+-------+-------+-------++-------
Melee: Unarmed           |     2 |       |       |       |       ||     2
       Short sword       |       |     3 |       |       |       ||     3
       Spear             |       |       |    58 |    36 |     6 ||   100
Throw: Dart              |       |     3 |    16 |    42 |     6 ||    67
 Cast: Magic Dart        |    48 |    36 |    57 |    43 |    22 ||   206
       Searing Ray       |     1 |    11 |    60 |   141 |    75 ||   288
       Vampiric Draining |       |       |       |     3 |     6 ||     9
       Lightning Bolt    |       |       |       |    52 |    59 ||   111
       Iskenderun's Myst |       |       |       |     8 |     3 ||    11
       Airstrike         |       |       |       |     6 |       ||     6
       Fireball          |       |       |       |     8 |    14 ||    22
       Swiftness         |       |       |       |     3 |     2 ||     5
       Apportation       |       |       |       |       |     4 ||     4
 Abil: Evoke Blink       |       |       |       |     5 |     4 ||     9
Evoke: Wand              |       |     6 |    14 |    35 |    26 ||    81
       Lightning rod     |       |       |       |       |     7 ||     7
  Use: Scroll            |       |       |       |    11 |     1 ||    12
       Potion            |       |       |       |     6 |     1 ||     7
 Stab: Paralysed         |       |       |       |     8 |       ||     8
Armor: Robe              |     1 |     1 |    30 |    16 |       ||    48
       Leather armour    |       |     2 |       |       |       ||     2
       Ring mail         |       |       |       |    22 |    85 ||   107
Dodge: Dodged            |     3 |     3 |    33 |    83 |   105 ||   227
Block: Other             |       |       |    19 |    44 |    47 ||   110
       Reflection        |       |       |       |     4 |       ||     4
